 Dungeon Crawl Stone Soup version 0.28.0-45-g0d030f2227 (webtiles) character file.

Game seed: 13386221951993102310

79 NinjaNoafa the Gusty (level 4, -2/35 HPs)
             Began as a Draconian Air Elementalist on Apr 15, 2022.
             Slain by a gnoll
             ... wielding a +0 whip
              (5 damage)
             ... on level 3 of the Dungeon.
             The game lasted 00:07:54 (2837 turns).

NinjaNoafa the Gusty (Draconian Air Elementalist)   Turns: 2837, Time: 00:07:55

Health: -2/35      AC:  5    Str: 10    XL:     4   Next: 17%
Magic:  3/7        EV: 12    Int: 17    God:
Gold:   54         SH:  0    Dex: 12    Spells: 6/7 levels left

rFire   + . .      SeeInvis .   l - staff of fire
rCold   . . .      Faith    .   (no shield)
rNeg    . . .      Spirit   .   (armour unavailable)
rPois   .          Reflect  .   (helmet restricted)
rElec   .          Harm     .   (no cloak)
rCorr   .          Rampage  .   (no gloves)
Will    .....                   (no boots)
Stlth   ++........              (no amulet)
HPRegen 0.11/turn               (no ring)
MPRegen 0.10/turn               (no ring)

@: no status effects
A: AC +5, unfitting armour, cold-blooded
a: no special abilities


You were on level 3 of the Dungeon.
You visited 1 branch of the dungeon, and saw 3 of its levels.

You collected 54 gold pieces.

Inventory:

Hand Weapons
 b - a +0 dagger
 i - a +0 mace
Missiles
 c - 113 stones
 j - 2 poisoned darts
Armour
 k - a +1 kite shield
Magical Staves
 l - a staff of fire (weapon)
Scrolls
 d - a scroll of teleportation
 f - 2 scrolls of blinking


   Skills:
 * Level 1.1 Fighting
 + Level 0.2 Staves
 * Level 2.6 Dodging
 - Level 1.7 Stealth
 + Level 2.4 Spellcasting
 + Level 1.8 Conjurations
 + Level 3.4 Air Magic
 + Level 0.5 Poison Magic


You had 6 spell levels left.
You knew the following spells:

 Your Spells              Type           Power      Damage    Failure   Level
a - Shock                 Conj/Air       44%        1d5       6%          1

Your spell library contained the following spells:

 Spells                   Type           Power      Damage    Failure   Level
 Static Discharge         Conj/Air       11%        N/A       10%         2
 Swiftness                Air            13%        N/A       14%         3
 Mephitic Cloud           Conj/Pois/Air  8%         N/A       26%         3
 Airstrike                Air            6%         N/A       41%         4
 Ignite Poison            Fire/Tmut/Pois 4%         N/A       45%         3
 Freezing Cloud           Conj/Ice/Air   4%         6-21      94%         5


Dungeon Overview and Level Annotations

Branches:
Dungeon (3/15)

Altars:
Dithmenos

Shops:
D:1 [   D:3 [


Innate Abilities, Weirdness & Mutations

Your plain brown scales are hard. (AC +5)
You cannot fit into any form of body armour.
You are cold-blooded and may be slowed by cold attacks.


Message History

Confirm with . or Enter, or press ? or * to list all spells.
Aiming: Shock (safe; 6% risk of failure)
Press: ? - help, Shift-Dir - straight line, f/p - gnoll
Aim: a gnoll, wielding a +0 whip (lightly wounded, 72% to hit)
The zap hits the gnoll.
The gnoll is heavily wounded.
The zap hits the gnoll.
The gnoll is moderately wounded.
The gnoll closely misses you.
Okay, then.
The gnoll barely misses you.
Casting: Shock (safe; 6% risk of failure)
Confirm with . or Enter, or press ? or * to list all spells.
Aiming: Shock (safe; 6% risk of failure)
Press: ? - help, Shift-Dir - straight line, f/p - gnoll
Aim: a gnoll, wielding a +0 whip (heavily wounded, 72% to hit)
The zap hits the gnoll.
The gnoll is heavily wounded.
The zap hits the plant.
The plant begins to die.
The plant is lightly damaged.
The gnoll hits you with a +0 whip.
* * * LOW HITPOINT WARNING * * *
Okay, then.
Unknown command.
You enter the shallow water.
Moving in this stuff is going to be slow.
Unknown command.
A nearby plant withers and dies.
The gnoll hits you with a +0 whip.
* * * LOW HITPOINT WARNING * * *
Casting: Shock (safe; 6% risk of failure)
Confirm with . or Enter, or press ? or * to list all spells.
Aiming: Shock (safe; 6% risk of failure)
Press: ? - help, Shift-Dir - straight line, f/p - gnoll
Aim: a gnoll, wielding a +0 whip (heavily wounded, 72% to hit)
The zap hits the gnoll.
The gnoll is heavily wounded.
The zap hits the gnoll.
The gnoll is heavily wounded.
The gnoll hits you with a +0 whip.
You die...

## .## #.###########
##..........#
#.#########.# .## #.#
## #.##########
#.....@ggg.#
#############)######.#
..............# ##...#
.........####.##♣....#
####...#.# #.#.....g#
##.###..# #..♣.P...#
#.#####.####♣..♣≈≈.)#
#.##...)......♣≈≈≈≈÷#
#.##.##.......≈≈≈♣≈.#


You could see 3 gnolls.

Vanquished Creatures
  A gnoll (D:3)
  An adder (D:3)
  A river rat (D:3)
  A worm (D:2)
  A dart slug (D:1)
  5 endoplasms
  2 giant cockroaches
  3 goblins (D:1)
  7 hobgoblins
  2 quokkas
  6 ball pythons
  4 bats
  2 frilled lizards (D:3)
  5 kobolds
  6 rats
47 creatures vanquished.

Vanquished Creatures (others)
  28 plants (D:3)
28 creatures vanquished.

Grand Total: 75 creatures vanquished

Notes
Turn   | Place    | Note
-------+----------+-------------------------------------------
     0 | D:1      | NinjaNoafa the Draconian Air Elementalist began the quest
                  | for the Orb.
     0 | D:1      | Reached XP level 1. HP: 14/14 MP: 3/3
   443 | D:1      | Reached XP level 2. HP: 12/20 MP: 1/5
   912 | D:1      | Found Xonotz's Armour Shoppe.
  1550 | D:2      | Reached XP level 3. HP: 26/26 MP: 0/6
  2499 | D:3      | Found Boale's Antique Armour Shop.
  2573 | D:3      | Reached skill level 1 in Fighting
  2749 | D:3      | Reached XP level 4. HP: 4/35 MP: 3/7
  2754 | D:3      | Found a shadowy altar of Dithmenos.
  2837 | D:3      | Slain by a gnoll

Illustrated notes

Levels and vault maps discovered:
D:1:      mrwooster_arrival_statue_2, layout_basic, serial_shops,
          nicolae_lakefront_shop
D:2:      layout_rooms, st_stairs_7
D:3:      layout_loops_ring, grunt_dithmenos_smoke, serial_shops, shop,
          serial_bayou, serial_bayou_shore_b, serial_bayou_pond_a,
          serial_bayou_pond_e, serial_bayou_crossing,
          cheibrodos_sewer_entry_sluice, nicolae_grassy_gnolls

Skill      XL: |  1  2  3 |
---------------+----------+-----
Dodging        | 2 |  2.6
Fighting       | 1 |  1.1
Staves         | |  0.2
Stealth        | |  1.7
Spellcasting   | |  2.4
Conjurations   | |  1.8
Air Magic      | |  3.4
Poison Magic   | |  0.5

Action                   |  1- 3 |  4- 6 || total
-------------------------+-------+-------++-------
Melee: Unarmed           |    10 |       ||    10
       Dagger            |    12 |       ||    12
       Tailslap          |     8 |       ||     8
       Mace              |     6 |       ||     6
       Staff             |    17 |     1 ||    18
 Cast: Shock             |    94 |     9 ||   103
  Use: Scroll            |     7 |       ||     7
       Potion            |     4 |       ||     4
Armor: Skin              |    27 |     2 ||    29
Dodge: Dodged            |    76 |     8 ||    84
